AoeStats
← TBAALB

MegaRandom

510167996Analyzed
3v3 RM · 20h ago on Sep 29, 2026· 35m 6s· 6 players
Game mode
Random Map
Map size
Normal (6 player)
Population
200
Speed
Normal
Resources
Standard
Victory
Conquest
Starting age
Dark Age
Ending age
Imperial Age
RankedLock teamsTeams togetherTeam positionsShared explorationLock speedFull tech treeHidden civsTurbo modeCheats
Victory
Defeat
🇳🇱 Aztecs · Netherlands
1051
+13
🇳🇱 Bohemians · Netherlands
962
+16
🇳🇱 Franks · Netherlands
944
+17
🇦🇹 Gurjaras · Austria
997
-16
🇺🇸 Slavs · United States
988
-16
🇩🇪 Koreans · Germany
926
-14
Bredatje
9:32 Loom
12:37 Feudal Age
13:14 Man-at-Arms
14:27 Scale Mail Armor
15:54 Forging
15:40 Horse Collar
24:59 Castle Age
23:56 Fletching
25:20 Double-Bit Axe
26:14 Wheelbarrow
25:17 Long Swordsman
26:51 Bow Saw
33:03 Imperial Age
29:58 Pikeman
[OuweHO3R] Rambo
8:54 Loom
10:52 Feudal Age
15:06 Town Watch
17:50 Castle Age
17:13 Gold Mining
19:15 Gold Shaft Mining
20:03 Husbandry
20:08 Stone Mining
35:48 Imperial Age
34:41 Forging
34:37 Scale Barding Armor
Flying Dutchman
3:09 Loom
11:41 Feudal Age
15:51 Castle Age
13:54 Double-Bit Axe
13:51 Horse Collar
24:14 Wheelbarrow
23:31 Arson
32:31 Imperial Age
30:47 Bow Saw
30:32 Gold Mining
31:20 Heavy Plow
31:51 Stone Mining
33:13 Hand Cart
33:36 Gold Shaft Mining
33:28 Town Watch
34:00 Eagle Warrior
36:20 Stone Shaft Mining
TBAALB
0:45 Loom
max-on-war
11:59 Feudal Age
18:33 Castle Age
19:03 Gold Mining
20:30 Fletching
KingYankee1
3:35 Loom
11:24 Feudal Age
13:02 Wheelbarrow
12:16 Double-Bit Axe
12:16 Horse Collar
17:26 Castle Age
18:23 Hand Cart
20:00 Stone Mining
22:09 Bow Saw
26:07 Scale Barding Armor
26:14 Forging
26:57 Gold Mining
Connection lost

Rejoining the realm…

Still unreachable

The connection could not be restored.

Session expired

The server has moved on; the page needs a fresh start.